 Dungeon Crawl Stone Soup version 0.14-a0-1361-g0512ea0 (webtiles) character file.

123 MirrMurr the Ducker (level 2, 0/12 HPs)
             Began as a Felid Transmuter on Dec 7, 2013.
             Killed by nerve-wracking pain
             ... invoked by Jessica
              (4 damage)
             ... on Level 2 of the Dungeon.
             The game lasted 00:03:53 (1799 turns).

MirrMurr the Ducker (Felid Transmuter)              Turns: 1799, Time: 00:03:53

HP   0/12        AC  1     Str  6      XL: 2   Next: 75%
MP   5/5         EV 18     Int 14      God:
Gold 100         SH  0     Dex 16      Spells:  1 memorised,  4 levels left
Lives: 0, deaths: 0

rFire  . . .     SeeInvis +       - Unarmed
rCold  . . .     Clarity  .     (armour unavailable)
rNeg   . . .     Conserve .     (shield unavailable)
rPois  .         rCorr    .     (helmet unavailable)
rElec  .         rRot     .     (cloak unavailable)
SustAb . .       Spirit   .     (gloves unavailable)
rMut   .         Warding  .     (boots unavailable)
Saprov . . .     Stasis   .     (no amulet)
                                l - ring of ice
                                p - ring of fire

@: confused, quick, slightly resistant to hostile enchantments, unstealthy
A: paw claws, no armour, no advanced items, fangs 3, see invisible, carnivore 3,
speed 1, shaggy fur 1, slow metabolism 1, jump 1
a: Jump Attack


You were on level 2 of the Dungeon.
You were very full.

You visited 1 branch of the dungeon, and saw 2 of its levels.

You collected 100 gold pieces.

Inventory:

Missiles
 b - 12 arrows
Comestibles
 a - 3 meat rations
Scrolls
 c - a scroll of recharging {unknown}
 e - a scroll of identify {unknown}
 f - 4 scrolls of remove curse {unknown}
 g - a scroll of fear {unknown}
 j - a scroll of blinking {unknown}
 k - a scroll of enchant weapon II {unknown}
Jewellery
 l - a ring of ice (right paw)
 p - a ring of fire (left paw)
Potions
 h - 4 potions of curing {unknown}
 i - a potion of magic {unknown}
 m - 2 potions of flight {unknown}
Books
 d - a book of Changes

   Spells                             Type                      Level
   *Beastly Appendage                 Transmutation                1
   Sticks to Snakes                   Transmutation                2
   Spider Form                        Transmutation/Poison         3
   Ice Form                           Ice/Transmutation            4
   Blade Hands                        Transmutation                5


   Skills:
 + Level 1.0 Fighting
 + Level 3.4 Dodging
 + Level 0.8 Stealth
 * Level 3.4 Unarmed Combat
 - Level 2.0 Spellcasting
 + Level 2.4 Transmutations


You had 4 spell levels left.
You knew the following spells:

 Your Spells              Type           Power        Failure   Level  Hunger
a - Beastly Appendage     Trmt           #.....       12%         1    ##.....


Dungeon Overview and Level Annotations

Branches:
Dungeon (2/16)

Altars:

Annotations:
D:2 Jessica


Innate Abilities, Weirdness & Mutations

You cannot wear armour.
You are incapable of any advanced item manipulation.
Your paws have sharp claws.
You have razor-sharp teeth.
You have supernaturally acute eyesight.
You are carnivorous and can eat meat at any time.
You cover ground quickly.
You are covered in fur (AC +1).
You have a slow metabolism.
You can jump attack at a short distance.


Message History

Jessica mumbles some strange words.
Jessica seems to speed up.
Ouch! Jessica zaps a wand.
You resist. Jessica closely misses you.
Jessica zaps a wand.
You are more confused.
Jessica casts a spell at you. Pain shoots through your body!
You barely miss Jessica.
Jessica zaps a wand.
You resist.
You barely miss Jessica. You bite Jessica.
Jessica is moderately wounded.
Jessica misses you.
Jessica zaps a wand.
You are more confused.
Ouch!
Jessica points at you and mumbles some strange words.
Pain shoots through your body!
Ouch! Jessica casts a spell at you. Pain shoots through your body!
You die...

#.........#.#...............'
#########.#.#.##.##.#'#####.#
#.#.#<##....#.# #.#
#.#.#########.# #.#
#.#...........# #.#
###.############# #.# #..(#
#.# #.########### #.#
#.....@@....# #.#
###########.# #.#


You could see Jessica.

Vanquished Creatures
  5 hobgoblins
  3 bats (D:1)
  4 giant cockroaches (D:1)
  A giant newt (D:2)
  4 goblins
  2 kobolds (D:1)
  4 rats
23 creatures vanquished.

Notes
Turn   | Place    | Note
--------------------------------------------------------------
     0 | D:1      | MirrMurr, the Felid Transmuter, began the quest for the Orb.
     0 | D:1      | Reached XP level 1. HP: 9/9 MP: 4/4
   432 | D:1      | Reached XP level 2. HP: 12/12 MP: 5/5
  1783 | D:2      | Noticed Jessica
  1799 | D:2      | Killed from afar by Jessica

Action                   || total
-------------------------++-------
Melee: Unarmed           ||    51
 Cast: Beastly Appendage ||     1
  Use: Scroll            ||     1
 Stab: Sleeping          ||     3
